 Dungeon Crawl Stone Soup version 0.17.0-28-g6e173f8 (webtiles) character file.

431 PossumBlood the Cudgeler (level 6, 57/57 HPs)
             Began as a Minotaur Fighter on Dec 2, 2015.
             Drowned
             ... in a sewer.
             The game lasted 00:07:03 (2911 turns).

PossumBlood the Cudgeler (Minotaur Fighter)         Turns: 2911, Time: 00:07:03

Health: 57/57      AC:  8    Str: 22    XL:     6   Next: 67%
Magic:  5/5        EV:  7    Int:  5    God:
Gold:   95         SH:  9    Dex: 10    Spells: 0 memorised, 5 levels left

rFire  . . .     SeeInvis .     a - +0 flail
rCold  . . .     Clarity  .     b - +0 scale mail
rNeg   . . .     SustAt   .     c - +0 shield
rPois  .         Gourm    .     (helmet restricted)
rElec  .         Spirit   .     (no cloak)
rCorr  .         Warding  .     k - +0 pair of gloves
rMut   .         Stasis   .     (no boots)
MR     .....                    (no amulet)
Stlth  ..........               (no ring)
                                (no ring)

@: not resistant to hostile enchantments, extremely unstealthy
A: retaliatory headbutt, horns 2
a: no special abilities


You were in a sewer.
You were not hungry.

You visited 1 branch of the dungeon, and saw 3 of its levels.
You also visited: Sewer.

You collected 95 gold pieces.

Inventory:

Hand Weapons
 a - a +0 flail (weapon)
Armour
 b - a +0 scale mail (worn)
 c - a +0 shield (worn)
 k - a +0 pair of gloves (worn)
Jewellery
 p - an uncursed amulet of clarity {unknown}
Scrolls
 f - a scroll of blinking
 g - a scroll of teleportation
 h - 3 scrolls of identify
 i - 7 scrolls of remove curse
 j - a scroll of fog {unknown}
Potions
 d - 2 potions of might
 o - 4 potions of flight
 q - 7 potions of heal wounds
 r - a potion of agility {unknown}
Comestibles
 e - 2 bread rations
 m - 2 meat rations
 n - 9 fruits


   Skills:
 + Level 6.1 Fighting
 * Level 7.1 Maces & Flails
 - Level 3.6 Armour
 - Level 3.6 Shields


You had 5 spell levels left.
You didn't know any spells.

Dungeon Overview and Level Annotations

Branches:
Dungeon (3/15)

Altars:


Innate Abilities, Weirdness & Mutations

You reflexively headbutt those who attack you in melee.
You have a pair of horns on your head.


Message History

There is an open door here.
You see here 2 stones.
You see here 2 stones.
Partly explored, can't reach some places.
You see here 2 stones.
There is an open door here.
You see here 2 stones.
You see here a stone.
You enter the shallow water.
Moving in this stuff is going to be slow.
Why would you want to do that? Why would you want to do that?
Why would you want to do that?
Drink which item? (? for menu, Esc to quit)
You feel very buoyant.
You fly up into the air.
Careful!
You are starting to lose your buoyancy.
You float gracefully downwards.
You fall into the water!
You sink like a stone!
You drown...
You die...

########################
#≈≈≈≈≈≈≈≈≈≈≈≈≈≈≈≈≈≈≈≈≈≈≈
#≈≈≈≈≈≈@≈≈≈≈≈≈≈≈≈≈≈≈≈≈≈≈
###############≈≈≈≈≈≈###
#..#.)#≈≈≈≈≈≈#..
#.....#≈≈≈≈≈≈#..
##...##≈≈≈≈≈≈##.
#..)(.#≈≈≈≈≈≈#..
#.....#≈≈≈≈≈≈#.)
###(###≈≈≈≈≈≈###
##.(≈≈≈≈≈≈≈≈≈≈..


There were no monsters in sight!

Vanquished Creatures
  4 big kobolds (Sewer)
  4 river rats (Sewer)
  3 adders (D:2)
  A worm (D:2)
  4 giant geckos (D:3)
  2 bats
  2 giant cockroaches (D:3)
  5 goblins
  10 hobgoblins
  16 kobolds
  9 ball pythons
  3 giant newts
  34 rats
97 creatures vanquished.

Notes
Turn   | Place    | Note
--------------------------------------------------------------
     0 | D:1      | PossumBlood the Minotaur Fighter began the quest for the Orb.
     0 | D:1      | Reached XP level 1. HP: 19/19 MP: 0/0
   254 | D:1      | You fall through a shaft!
   264 | D:1      | Reached XP level 2. HP: 27/27 MP: 1/1
   274 | D:1      | Reached skill level 4 in Fighting
   886 | D:2      | Reached XP level 3. HP: 29/34 MP: 2/2
  1862 | D:2      | Reached XP level 4. HP: 41/41 MP: 3/3
  2066 | D:3      | Found a glowing drain.
  2077 | Sewer    | Entered a sewer
  2114 | Sewer    | Noticed a big kobold
  2122 | Sewer    | Killed a big kobold
  2122 | Sewer    | Reached skill level 5 in Fighting
  2122 | Sewer    | Reached skill level 5 in Maces & Flails
  2122 | Sewer    | Reached XP level 5. HP: 13/48 MP: 4/4
  2592 | Sewer    | Noticed a big kobold
  2592 | Sewer    | Noticed a big kobold
  2598 | Sewer    | Killed a big kobold
  2598 | Sewer    | Reached skill level 6 in Maces & Flails
  2598 | Sewer    | Reached XP level 6. HP: 46/57 MP: 5/5
  2604 | Sewer    | Killed a big kobold
  2670 | Sewer    | Noticed a big kobold
  2683 | Sewer    | Killed a big kobold
  2683 | Sewer    | Reached skill level 7 in Maces & Flails
  2911 | Sewer    | Drowned

Action                   |  1- 3 |  4- 6 || total
-------------------------+-------+-------++-------
Melee: Flail             |    99 |   126 ||   225
  Use: Scroll            |     5 |       ||     5
       Potion            |     3 |     3 ||     6
  Eat: Bread ration      |     1 |       ||     1
       Fruit             |       |     3 ||     3
